 Dungeon Crawl Stone Soup version 0.29.1 (webtiles) character file.

Game seed: 7411791440022593889

156 qw the Chopper (level 5, -3/46 HPs)
             Began as a Minotaur Berserker on Sept 13, 2022.
             Was a Follower of Trog.
             Slain by an orc
             ... wielding a +3 flail
              (8 damage)
             ... on level 3 of the Dungeon.
             The game lasted 00:00:43 (2435 turns).

qw the Chopper (Minotaur Berserker)                 Turns: 2435, Time: 00:00:43

Health: -3/46      AC:  4    Str: 24    XL:     5   Next: 14%
Magic:  4/4        EV: 11    Int:  4    God:    Trog [*.....]
Gold:   180        SH:  0    Dex:  9    Spells: 4/4 levels left

rFire   . . .      SeeInvis .   Y - +0 hand axe
rCold   . . .      Faith    .   (no shield)
rNeg    . . .      Spirit   .   a - +0 leather armour
rPois   .          Reflect  .   (helmet restricted)
rElec   .          Harm     .   (no cloak)
rCorr   .          Rampage  .   (no gloves)
Will    +....                   d - +0 pair of boots
Stlth   +.........              (no amulet)
HPRegen 0.15/turn               j - ring of willpower
MPRegen 0.09/turn               (no ring)

@: about to teleport, on berserk cooldown, slowed, very slow
A: horns 2, retaliatory headbutt
a: Renounce Religion, Berserk


You were on level 3 of the Dungeon.
You worshipped Trog.
Trog was aware of your devotion.
You visited 1 branch of the dungeon, and saw 3 of its levels.

You collected 180 gold pieces.


Innate Abilities, Weirdness & Mutations

You have a pair of horns on your head.
You reflexively headbutt those who attack you in melee.


   Skills:
 + Level 3.8 Fighting
 - Level 7.0 Axes
 - Level 2.4 Armour
 - Level 2.1 Dodging


You had 4 spell levels left.
You didn't know any spells.
Your spell library was empty.

Inventory:

Hand Weapons
 g - a +0 whip
 Y - a +0 hand axe (weapon)
Missiles
 k - 2 boomerangs (quivered)
Armour
 a - a +0 leather armour (worn)
 d - a +0 pair of boots (worn)
 m - a +0 scale mail
Jewellery
 j - a ring of willpower (left hand)
Scrolls
 b - a scroll of teleportation
 h - a scroll of blinking {unknown}
 i - 4 scrolls of identify {unknown}
Potions
 c - a potion of curing
 e - a potion of brilliance {unknown}
 f - a potion of berserk rage {unknown}
 l - 2 potions of mutation {unknown}
 n - 2 potions of might {unknown}
 o - a potion of flight {unknown}

Dungeon Overview and Level Annotations

Branches:
Dungeon (3/15)

Altars:

Shops:
D:2 (


Message History

Trog accepts your kill.
The gnoll hits you from afar with a +0 spear.
You see here a +0 spear.
You feel a strong urge to attack something.
You slash the gnoll! Your headbutt misses the gnoll.
The gnoll is severely wounded.
The gnoll closely misses you. The gnoll misses you.
You completely miss the gnoll.
The gnoll is severely wounded.
The gnoll completely misses you. The gnoll hits you but does no damage.
You slash the gnoll!
You kill the gnoll!
Trog accepts your kill.
Your Axes skill increases to level 7!
You have reached level 5!
You are no longer berserk.
You are exhausted.
You feel yourself slow down. The gnoll closely misses you.
You hit the gnoll.
The gnoll is lightly wounded.
The gnoll hits you with a +0 spear.
You hit the gnoll.
The gnoll is moderately wounded.
You closely miss the orc. The gnoll barely misses you. You furiously retaliate!
You headbutt the gnoll!
You kill the gnoll!
Trog accepts your kill. The orc completely misses you.
The orc closely misses you.
You barely miss the orc. The orc hits you with a +3 flail.
You hit the orc.
The orc is lightly wounded.
The orc hits you with a +3 flail! x2
You barely miss the orc. You headbutt the orc, but do no damage.
The orc is lightly wounded.
The orc hits you with a +3 flail!
2435 ||| READING 2 scrolls of teleportation.
As you read the scroll of teleportation, it crumbles to dust.
You feel strangely unstable. The orc hits you with a +3 flail!
You die...

........#.# #....#
........#.###...>#
..........)......#
.......####......#
.....<..# ###....#
........# #....#
........# #..).#######
........# #..)o......#
........# #...@).....#
........#####....).....#
#......................#
###........##.........)#
##....>..##..........#
#.......##..........#
######..##..........#
#..############# #..#


You could see an orc.

Vanquished Creatures
  A phantom (D:3)
  4 gnolls (D:3)
  2 dart slugs
  3 orcs (D:3)
  2 endoplasms (D:1)
  A giant cockroach (D:2)
  2 goblins
  3 hobgoblins
  5 jackals
  A quokka (D:3)
  A ball python (D:1)
  3 bats
  2 frilled lizards (D:2)
  5 kobolds
  A rat (D:3)
36 creatures vanquished.

Notes
Turn   | Place    | Note
-------+----------+-------------------------------------------
     0 | D:1      | qw the Minotaur Berserker began the quest for the Orb.
     0 | D:1      | Reached XP level 1. HP: 19/19 MP: 0/0
     0 | D:1      | 0 ||| qw: Version: 0.1-a-119-g272c26d
     0 | D:1      | 0 ||| qw: Game counter: 11245
     0 | D:1      | 0 ||| qw: Always use a shield: true
     0 | D:1      | 0 ||| qw: Do Orc after D:15 true
     0 | D:1      | 0 ||| qw: Do second Lair branch before Depths: true
     0 | D:1      | 0 ||| qw: Lair rune preference: random
     0 | D:1      | 0 ||| qw: Plans: Normal
     0 | D:1      | 0 ||| PLANNING D:1-11
   388 | D:1      | Reached skill level 4 in Axes
   610 | D:1      | Reached XP level 2. HP: 26/26 MP: 1/1
   664 | D:1      | You fall into a shaft and drop 1 floor!
   665 | D:2      | 665 ||| UPGRADING to +0 pair of boots.
   670 | D:2      | 670 ||| UPGRADING to ring of willpower.
   671 | D:2      | 671 ||| READING scroll labelled FOUSUC LIYCKIU.
   672 | D:2      | 672 ||| READING scroll labelled MAHOME XOBRO.
   677 | D:2      | 677 ||| READING scroll labelled OCAYPUQATT.
   716 | D:2      | 716 ||| Stepping ~*~*~tactically~*~*~ (stealth).
   719 | D:2      | 719 ||| Stepping ~*~*~tactically~*~*~ (stealth).
  1103 | D:1      | Found a faded altar of an unknown god.
  1297 | D:1      | 1297 ||| UPGRADING to +0 leather armour.
  1307 | D:1      | 1307 ||| DROPPING +0 animal skin.
  1308 | D:1      | 1308 ||| DROPPING ring of magical power.
  1309 | D:1      | 1309 ||| DRINKING 2 coppery potions.
  1371 | D:2      | 1371 ||| Stepping ~*~*~tactically~*~*~ (hiding).
  1383 | D:2      | Reached skill level 5 in Axes
  1442 | D:2      | Found Cedul's Weapon Boutique.
  1579 | D:2      | Reached XP level 3. HP: 31/31 MP: 2/2
  1675 | D:2      | 1675 ||| READING scroll labelled QILEUG HOITOS.
  1837 | D:3      | 1837 ||| Stepping ~*~*~tactically~*~*~ (stealth).
  1908 | D:3      | Noticed a phantom
  1918 | D:3      | Killed a phantom
  1918 | D:3      | Reached ** piety under Trog
  1919 | D:3      | Reached skill level 6 in Axes
  1919 | D:3      | Reached XP level 4. HP: 27/39 MP: 3/3
  1999 | D:3      | 1999 ||| Stepping ~*~*~tactically~*~*~ (stealth).
  2001 | D:3      | 2001 ||| Stepping ~*~*~tactically~*~*~ (stealth).
  2002 | D:3      | 2002 ||| FLEEEEING.
  2003 | D:3      | 2003 ||| FLEEEEING.
  2004 | D:3      | 2004 ||| FLEEEEING.
  2005 | D:3      | 2005 ||| FLEEEEING.
  2006 | D:3      | 2006 ||| FLEEEEING.
  2007 | D:3      | 2007 ||| FLEEEEING.
  2008 | D:3      | 2008 ||| FLEEEEING.
  2009 | D:3      | 2009 ||| FLEEEEING.
  2010 | D:3      | 2010 ||| FLEEEEING.
  2011 | D:3      | 2011 ||| FLEEEEING.
  2012 | D:3      | 2012 ||| FLEEEEING.
  2013 | D:3      | 2013 ||| FLEEEEING.
  2412 | D:3      | 2412 ||| Stepping ~*~*~tactically~*~*~ (stealth).
  2415 | D:3      | 2415 ||| Stepping ~*~*~tactically~*~*~ (hiding).
  2418 | D:3      | 2418 ||| INVOKING Berserk.
  2429 | D:3      | Reached skill level 7 in Axes
  2429 | D:3      | Reached XP level 5. HP: 45/45 MP: 4/4
  2434 | D:3      | HP: 5/46 [orc/+3 flail (9)]
  2435 | D:3      | 2435 ||| READING 2 scrolls of teleportation.
  2435 | D:3      | Slain by an orc

Levels and vault maps discovered:
D:1:      dpeg_arrival_circle_labyrinth_c, layout_basic,
          shapermc_ecumenical_altar_hornbeckon
D:2:      layout_rooms, serial_shops, shop
D:3:      layout_rooms, mainiacjoe_overflow_alcove_2

Skill      XL: |  1  2  3  4 |
---------------+-------------+-----
Axes           | 4 5 6 7 |  7.0
Fighting       | |  3.8
Armour         | |  2.4
Dodging        | |  2.1

Action                   |  1- 3 |  4- 6 || total
-------------------------+-------+-------++-------
Melee: Hand axe          |    67 |    28 ||    95
       Headbutt          |     5 |     4 ||     9
       Punch             |       |     1 ||     1
Throw: Boomerang         |       |     4 ||     4
Invok: Berserk           |       |     1 ||     1
  Use: Scroll            |     4 |     1 ||     5
       Potion            |     1 |       ||     1
 Stab: Distracted        |     1 |       ||     1
Armor: Animal skin       |    10 |       ||    10
       Leather armour    |     8 |     5 ||    13
Dodge: Dodged            |    34 |    16 ||    50

Table legend:
 A = Non-vault XP
 B = Vault XP
 C = Vault XP percentage of total XP
 D = Non-vault monster count
 E = Vault monster count
 F = Vault count percentage of total count
                 A         B        C        D         E       F
            +---------+---------+-------+---------+---------+-------
      Total |     223 |       0 |   0.0 |      36 |       0 |   0.0
            +---------+---------+-------+---------+---------+-------
        D:1 |      23 |       0 |   0.0 |      12 |       0 |   0.0
        D:2 |      19 |       0 |   0.0 |      10 |       0 |   0.0
        D:3 |     181 |       0 |   0.0 |      14 |       0 |   0.0
            +---------+---------+-------+---------+---------+-------
